 Dungeon Crawl Stone Soup version 0.21.0-3-g78d12a8 (webtiles) character file.

151 Dfrag the Firebug (level 5, -10/35 HPs)
             Began as a Demonspawn Fire Elementalist on Jan 11, 2018.
             Mangled by an ogre
             ... wielding a +0 giant club
              (23 damage)
             ... on level 4 of the Dungeon.
             The game lasted 00:03:18 (1867 turns).

Dfrag the Firebug (Demonspawn Fire Elementalist)    Turns: 1867, Time: 00:03:18

Health: -10/35     AC:  4    Str:  8    XL:     5   Next: 10%
Magic:  7/9        EV: 11    Int: 17    God:
Gold:   165        SH:  0    Dex: 14    Spells: 9/10 levels left

rFire    . . .     SeeInvis .   t - +2 whip (elec)
rCold    . . .     Gourm    .   (no shield)
rNeg     . . .     Faith    .   a - +0 robe
rPois    .         Spirit   .   (no helmet)
rElec    .         Reflect  .   (no cloak)
rCorr    .         Harm     .   (no gloves)
MR       .....                  (no boots)
Stlth    ++........             l - amulet of regeneration
HPRegen  0.51/turn              (no ring)
MPRegen  0.11/turn              (no ring)

@: very slightly contaminated, heavily drained
A: claws 2, molten scales 1
a: no special abilities


You were on level 4 of the Dungeon.
You were not hungry.

You visited 1 branch of the dungeon, and saw 4 of its levels.

You collected 165 gold pieces.

Inventory:

Hand Weapons
 t - a +2 whip of electrocution (weapon)
Armour
 a - a +0 robe (worn)
Jewellery
 i - an uncursed amulet of harm
 l - an amulet of regeneration (around neck)
Scrolls
 e - 2 scrolls of enchant weapon {unknown}
 f - 2 scrolls of magic mapping {unknown}
 h - 2 scrolls of remove curse {unknown}
 k - a scroll of blinking {unknown}
 m - a scroll of identify {unknown}
 o - a scroll of amnesia {unknown}
 r - 4 scrolls of teleportation {unknown}
Potions
 d - a potion of haste {unknown}
 g - a potion of flight {unknown}
 j - a potion of brilliance {unknown}
 n - 3 potions of curing {unknown}
 p - a potion of cancellation {unknown}
 s - a potion of resistance {unknown}
Books
 b - a book of Flames

   Spells                             Type                      Level
   a - Flame Tongue                   Conjuration/Fire             1
   b - Throw Flame                    Conjuration/Fire             2
   c - Conjure Flame                  Conjuration/Fire             3
   d - Inner Flame                    Hexes/Fire                   3
   e - Sticky Flame                   Conjuration/Fire             4
   f - Fireball                       Conjuration/Fire             5
Comestibles
 c - 7 rations
 q - 3 chunks of flesh


   Skills:
 - Level 1.7(0.6) Dodging
 - Level 1.7(0.6) Stealth
 + Level 3.2(2.0) Spellcasting
 + Level 3.0(1.8) Conjurations
 + Level 3.7(2.5) Fire Magic


You had 9 spell levels left.
You knew the following spells:

 Your Spells              Type           Power        Failure   Level  Hunger
a - Flame Tongue          Conj/Fire      #....        8%          1    #......


Dungeon Overview and Level Annotations

Branches:
Dungeon (4/15)
 Temple: D:4-7

Altars:
Cheibriados
Gozag


Innate Abilities, Weirdness & Mutations

You have very sharp fingernails.
You are partially covered in molten scales. (AC +2)


Message History

Confirm with . or Enter, or press ? or * to list all spells.
Aiming: Flame Tongue
Press: ? - help, Shift-Dir - straight line, f/p - ogre
Aim: an ogre, wielding a giant club The flame tongue hits the ogre.
The ogre is moderately wounded.
The ogre hits you with a giant club!
You completely miss the ogre.
The ogre is moderately wounded.
The ogre barely misses you.
You barely miss the ogre.
The ogre is moderately wounded.
You closely miss the ogre.
The ogre is moderately wounded.
The ogre hits you with a giant club!
You hit the ogre. Lightning courses through the ogre!
The ogre is almost dead.
The ogre hits you with a giant club!!
Ouch! That really hurt!
You die...

#######
.......
.......
.......
###.......
.........
#O.......
###@.#.....
#.......#
#.#.....#
...#<....#
###..>.#..#
#.#.....#
#.##.#..# #
....# #####


You could see an ogre.

Vanquished Creatures
  3 gnolls (D:3)
  5 adders
  An ooze (D:2)
  A worm (D:4)
  A dart slug (D:2)
  A leopard gecko (D:2)
  7 bats
  3 giant cockroaches
  9 goblins
  6 hobgoblins
  5 jackals (D:3)
  7 kobolds
  A ball python (D:1)
  5 frilled lizards
  A quokka zombie (D:3)
  13 rats
69 creatures vanquished.

Notes
Turn   | Place    | Note
-------+----------+-------------------------------------------
     0 | D:1      | Dfrag the Demonspawn Fire Elementalist began the quest for the Orb.
     0 | D:1      | Reached XP level 1. HP: 13/13 MP: 3/3
   147 | D:1      | Gained mutation: You have sharp fingernails. [demonic ancestry]
   147 | D:1      | Reached XP level 2. HP: 17/19 MP: 0/5
   352 | D:1      | Found a snail-covered altar of Cheibriados.
   670 | D:2      | Reached XP level 3. HP: 23/24 MP: 1/6
   939 | D:2      | Gained mutation: You are partially covered in molten scales. (AC +2) [demonic ancestry]
   939 | D:2      | Reached XP level 4. HP: 20/30 MP: 0/8
  1068 | D:2      | Found an opulent altar of Gozag.
  1686 | D:3      | Gained mutation: You have very sharp fingernails. [demonic ancestry]
  1686 | D:3      | Reached XP level 5. HP: 24/35 MP: 1/9
  1856 | D:4      | Noticed an ogre
  1867 | D:4      | Mangled by an ogre

Skill      XL: |  1  2  3  4  5 |
---------------+----------------+-----
Fire Magic     | 3 |  3.7
Conjurations   | 2 3 |  3.0
Spellcasting   | 3 |  3.2
Dodging        | |  1.7
Stealth        | |  1.7

Action                   |  1- 3 |  4- 6 || total
-------------------------+-------+-------++-------
Melee: Unarmed           |    64 |    33 ||    97
       Whip              |       |    33 ||    33
 Cast: Flame Tongue      |    54 |    38 ||    92
 Stab: Sleeping          |     1 |     1 ||     2
  Eat: Chunk             |       |     4 ||     4
Armor: Robe              |    27 |    21 ||    48
Dodge: Dodged            |    67 |    58 ||   125
